Map: Acolyte LE

Players

INnoVation - Winner!

  • Race: Terran Terran
  • Spawn Location: 1:00

TRUE

  • Race: Zerg Zerg
  • Spawn Location: 7:00

Event: 2017 WCS Global Finals

VOD

Have the link to the VOD?

Description

Time

  • Played on: Oct. 28, 2017, 2:20 p.m.
  • Length: 29:20

All games in this series

Show
View Real Time Build Order
Export as new Build Order

INnoVation Terran - Winner!

Build Orders: Gas First Reaper Expand, Reaper Expand, Bio Tank 

Get SALT Encoding   

  12  0:00  SCV  
  13  0:12  SCV  
  14  0:17  Supply Depot  
  14  0:24  SCV  
  14  0:27  Refinery  
  15  0:38  SCV  
  16  0:44  Barracks  
  16  0:50  SCV  
  17  1:03  SCV  
  18  1:15  SCV  
  19  1:31  Reaper, Orbital Command  
  20  1:43  Command Center  
  20  1:55  Factory  
  20  1:57  SCV  
  21  2:02  Refinery  
  21  2:05  Barracks Reactor  
  21  2:09  SCV  
  21  2:15  Supply Depot  
  22  2:21  SCV  
  23  2:36  SCV  
  24  2:39  Starport  
  24  2:44  Hellion  
  24  2:45  Hellion  
  24  2:48  SCV  
  29  2:55  Orbital Command  
  29  2:57  Barracks Tech Lab  
  29  3:00  SCV  
  30  3:09  Widow Mine x2  
  35  3:12  SCV  
  35  3:22  Medivac, SCV  
  35  3:25  SCV  
  39  3:28  Supply Depot  
  39  3:34  SCV  
  39  3:37  SCV  
  40  3:42  Hellion x2  
  40  3:43  Supply Depot  
  40  3:47  SCV  
  45  3:49  SCV, Barracks Tech Lab  
  45  3:52  Raven  
  48  3:59  SCV  
  48  4:01  SCV  
  50  4:06  Hellion x2  
  50  4:09  Stimpack, Marine  
  54  4:12  SCV  
  54  4:13  SCV  
  54  4:16  Supply Depot  
  57  4:24  SCV  
  57  4:25  SCV  
  57  4:27  Marine  
  60  4:32  Command Center  
  60  4:39  SCV x2  
  62  4:46  Factory Reactor  
  62  4:50  Barracks  
  62  4:51  Barracks  
  62  4:53  Raven  
  62  4:55  SCV x2  
  66  5:00  Refinery x2  
  66  5:01  Supply Depot  
  66  5:07  SCV x2  
  66  5:12  Engineering Bay  
  66  5:13  Engineering Bay  
  66  5:15  Marine  
  66  5:19  SCV  
  66  5:20  SCV  
  69  5:32  SCV x2  
  71  5:39  Marine x2  
  71  5:40  Marine  
  71  5:41  Terran Infantry Weapons Level 1, Terran Infantry Armor Level 1  
  74  5:43  Starport Reactor  
  74  5:46  Marine x2  
  74  5:47  Orbital Command, SCV x2  
  78  5:54  Siege Tank  
  81  5:59  SCV  
  81  6:00  SCV  
  83  6:04  Supply Depot  
  83  6:05  Orbital Command, Barracks x2, Marine x2  
  83  6:06  Marine x2  
  83  6:07  Marine  
  88  6:17  SCV x2  
  90  6:19  Medivac  
  90  6:20  Supply Depot x2  
  92  6:25  Medivac  
  92  6:30  Marine x4  
  92  6:31  Combat Shields, Marine  
  92  6:32  SCV x2  
  101  6:38  Armory  
  101  6:41  SCV  
  101  6:42  Siege Tank  
  101  6:44  Supply Depot  
  101  6:47  SCV x2  
  106  6:53  SCV  
  106  6:54  Barracks Reactor x2  
  108  6:57  Refinery  
  108  6:58  Refinery  
  108  7:00  Supply Depot  
  108  7:03  Marine x2  
  108  7:04  Marine x2  
  108  7:05  Marine  
  107  7:14  SCV x3, Siege Tank  
  107  7:21  Marine x3  
  107  7:22  Marine  
  111  7:23  Supply Depot, Marine  
  111  7:27  SCV x3  
  115  7:30  Marine  
  115  7:31  Marine x3  
  115  7:32  Command Center  
  119  7:38  Terran Infantry Weapons Level 2, Terran Infantry Armor Level 2  
  119  7:42  Marine  
  120  7:46  Siege Tank, Marine x4  
  127  7:52  Marine x3  
  127  7:54  Supply Depot  
  127  7:57  Supply Depot  
  130  8:00  Medivac  
  130  8:02  Medivac  
  130  8:03  Factory  
  134  8:07  Marine x4  
  134  8:12  SCV x3  
  134  8:20  Siege Tank  
  134  8:21  Supply Depot  
  134  8:24  SCV x3  
  131  8:36  SCV x3  
  131  8:39  Medivac x2  
  131  8:40  Marine x2  
  140  8:49  Factory Tech Lab  
  140  8:51  SCV x3  
  140  8:52  Marine  
  140  8:53  Marine  
  143  9:03  SCV x2  
  143  9:07  Marine x5  
  131  9:14  Medivac x2, Siege Tank  
  131  9:15  Siege Tank  
  131  9:16  SCV x3  
  132  9:18  Marine x4  
  136  9:24  Marine  
  136  9:25  Marine  
  136  9:28  SCV x2  
  136  9:29  SCV  
  136  9:31  Planetary Fortress  
  141  9:34  Marine x3  
  141  9:35  Marine  
  141  9:36  Marine x3  
  141  9:38  Missile Turret  
  148  9:42  SCV x3, Marine x2  
  148  9:44  Medivac x2  
  157  9:46  Siege Tank  
  157  9:47  Siege Tank  
  157  9:51  Marine  
  157  9:52  Marine x2  
  166  9:53  Marine  
  166  9:54  Marine x3  
  166  9:59  Terran Infantry Weapons Level 3  
  170  10:00  Supply Depot  
  170  10:02  Terran Infantry Armor Level 3  
  170  10:15  Barracks  
  170  10:16  Concussive Shells, Barracks  
  170  10:19  Siege Tank  
  170  10:20  Barracks  
  173  10:21  Siege Tank  
  173  10:24  Marine  
  173  10:25  Marauder, Marine x2  
  181  10:37  Medivac x2  
  177  10:47  Marauder, Marine x7  
  141  11:06  Medivac  
  141  11:07  Medivac, Barracks Tech Lab x2  
  141  11:08  Marauder, Marine x7, Barracks Tech Lab  
  154  11:11  Siege Tank  
  154  11:12  Siege Tank  
  154  11:16  Terran Vehicle And Ship Armor Level 1  
  160  11:23  Command Center  
  160  11:28  Marine x9  
  160  11:30  Marauder  
  171  11:36  Medivac  
  171  11:37  Medivac  
  175  11:40  Refinery  
  175  11:41  Marauder x2  
  175  11:43  Supply Depot x2  
  175  11:44  Siege Tank x2  
  175  11:46  Marine x3  
  188  11:54  Marine x2  
  188  12:04  Marine x2  
  188  12:05  Marauder x4, Marine x2  
  200  12:16  Command Center  
  200  12:28  Marine  
  192  12:31  Marine  
  192  12:32  Marauder x3, Marine x4  
  192  12:36  Siege Tank  
  199  12:37  Planetary Fortress  
  199  12:44  Siege Tank  
  196  12:46  Marauder, Marine x2  
  196  12:51  Medivac  
  199  12:57  Marauder, Marine  
  200  13:00  Fusion Core  
  200  13:01  Starport x2  
  200  13:05  Marine x3  
  190  13:06  Marauder x2  
  190  13:09  Marauder  
  190  13:12  Marine x3  
  195  13:18  Siege Tank  
  199  13:22  Marine  
  199  13:24  Liberator x2  
  199  13:40  Starport Tech Lab  
  197  13:41  Starport Reactor  
  197  13:45  Marine x4  
  158  13:58  Siege Tank x2  
  158  13:59  Marauder x3, Marine  
  158  14:00  Marine x4  
  158  14:02  Marine  
  170  14:03  Marine x3  
  170  14:06  Liberator x3  
  170  14:07  Liberator  
  160  14:10  Refinery  
  160  14:11  Refinery  
  159  14:18  Marauder, Marine x3  
  159  14:19  Terran Vehicle And Ship Armor Level 2, Marine  
  159  14:20  Marauder x2, Marine x4  
  159  14:21  Marauder  
  184  14:24  Liberator  
  187  14:37  Command Center  
  187  14:44  Marauder, Marine  
  193  14:48  Marine  
  193  14:49  Marine  
  193  14:50  Marine x2  
  197  14:58  Advanced Ballistics  
  197  15:01  Marauder  
  197  15:02  Marine  
  200  15:09  Unknown x4  
  200  15:19  Liberator  
  200  15:48  Liberator x2  
  185  16:04  Marauder  
  185  16:05  Marauder x3  
  185  16:06  Liberator x3  
  198  16:12  Marine x2  
  188  16:21  Siege Tank x2  
  188  16:22  Marine x6  
  168  16:26  Marauder x4  
  168  16:30  Marine x2  
  133  16:40  Marine x6  
  133  16:46  SCV x2  
  133  16:47  Marauder x3, SCV, Marine  
  142  16:48  Medivac x2, Marauder, Marine  
  142  16:53  Siege Tank  
  142  16:54  Siege Tank  
  162  16:56  Liberator  
  162  16:58  Marine x6  
  168  17:01  Liberator x2  
  168  17:05  Marine  
  168  17:06  Medivac x2, Marine  
  166  17:09  Marauder x4  
  166  17:10  SCV x3  
  178  17:17  Planetary Fortress  
  178  17:19  Liberator  
  178  17:22  SCV x3  
  187  17:25  Liberator  
  187  17:30  Marauder x3  
  196  17:37  Sensor Tower  
  196  17:47  Marauder, Marine x2  
  196  17:50  Refinery  
  200  17:53  Refinery  
  200  17:54  Command Center  
  200  17:55  Refinery  
  200  18:02  Terran Vehicle And Ship Armor Level 3  
  200  18:08  Liberator x2  
  198  18:29  Command Center  
  198  18:34  Liberator x3  
  198  18:38  Marine  
  198  18:39  Marauder, Marine  
  187  19:02  Marauder x2  
  181  19:03  Marine x3  
  181  19:08  Siege Tank  
  186  19:10  Marine x6  
  184  19:20  Marine  
  184  19:21  Marine x3  
  184  19:22  Marine  
  184  19:23  Marine  
  187  19:28  Marine x2  
  187  19:29  Marauder  
  183  19:33  Marine x2  
  171  19:39  Marauder  
  171  19:41  Marauder x2  
  142  19:47  Medivac x4  
  142  19:48  Marine  
  142  19:49  Marine x5  
  142  19:50  Marauder, Marine  
  142  19:51  Marine  
  150  19:58  Unknown x6  
  146  20:00  Marine  
  146  20:02  Marine  
  146  20:03  Marauder  
  150  20:07  Marine x6  
  150  20:08  SCV x2, Marine x2  
  150  20:12  Marauder  
  162  20:17  Liberator x2  
  162  20:18  Marauder, Orbital Command  
  162  20:20  Marauder, SCV  
  142  20:23  Marine  
  142  20:24  SCV  
  142  20:25  Orbital Command, Marine x2  
  142  20:32  SCV  
  142  20:33  Marauder  
  151  20:36  SCV  
  151  20:37  Marine  
  151  20:38  Marine x3  
  151  20:39  Marauder  
  151  20:41  Marauder  
  151  20:42  Marauder  
  162  20:44  Marine x3  
  162  20:45  Supply Depot  
  165  20:53  Supply Depot  
  165  20:54  Marauder  
  167  20:57  Planetary Fortress  
  164  21:04  Medivac  
  164  21:09  SCV x3  
  164  21:10  SCV  
  170  21:17  Marauder x2  
  170  21:18  Marauder  
  175  21:19  Unknown  
  175  21:22  Liberator  
  175  21:24  Marine  
  175  21:25  Marauder  
  177  21:26  Marine  
  176  21:36  Unknown  
  176  21:39  Marauder  
  169  21:45  Marauder x2  
  169  21:46  Marauder  
  148  21:48  Marine  
  148  21:50  Marine x2  
  148  21:51  Marine  
  148  21:52  Marine  
  148  21:53  Marine  
  148  21:54  Marine x2  
  133  22:00  Marauder  
  135  22:03  Siege Tank  
  135  22:05  Marine x2  
  135  22:06  Marine  
  135  22:07  Marine  
  135  22:08  Marine x2  
  137  22:09  Marine  
  137  22:10  Marine  
  137  22:11  Marine  
  137  22:12  Marine  
  137  22:13  Medivac  
  137  22:14  Marine  
  146  22:21  Marine  
  145  22:23  Marine x2  
  145  22:25  Refinery x2  
  147  22:30  Medivac x2  
  147  22:31  Marine  
  147  22:32  Marine x2  
  147  22:35  SCV  
  155  22:41  Liberator  
  155  22:42  Medivac  
  155  22:43  Marine  
  155  22:44  Marine x2  
  157  22:47  Marine x2  
  157  22:48  SCV  
  157  22:50  Marine  
  157  22:51  Marine  
  156  23:00  Marine  
  156  23:01  Marine x5  
  156  23:02  Liberator  
  156  23:03  Liberator  
  164  23:07  Marine  
  164  23:08  Marine x5  
  175  23:35  Liberator x3  
  175  23:36  Orbital Command  
  143  23:43  Marauder x3  
  132  23:54  Marauder  
  132  23:55  Marine x8  
  149  23:59  Orbital Command, Liberator x2  
  150  24:04  Marauder  
  150  24:05  SCV x2  
  160  24:18  Marine x6  
  160  24:21  Liberator, SCV  
  160  24:23  Liberator  
  167  24:24  SCV x2  
  165  24:34  SCV  
  165  24:36  SCV x2  
  169  24:39  Liberator  
  169  24:45  Liberator  
  172  24:52  Marine x10  
  179  24:54  SCV  
  183  25:10  Marine x7  
  183  25:13  Marine x3  
  190  25:19  SCV x2  
  178  25:31  SCV  
  178  25:32  Medivac x2  
  183  25:41  SCV  
  184  25:43  SCV  
  184  25:44  Orbital Command  
  184  25:47  Liberator  
  182  25:53  Marine x9  
  182  25:54  SCV  
  194  26:04  Marauder x2  
  194  26:05  Marine  
  150  26:22  Marauder, Marine x5  
  150  26:23  Marauder  
  150  26:24  Marine  
  128  26:25  Marine  
  128  26:26  Marauder x2  
  128  26:30  Marine  
  128  26:32  SCV  
  120  26:38  Orbital Command  
  120  26:39  Marine  
  115  26:40  Marine x2  
  115  26:41  Marine x3  
  115  26:44  Marine  
  115  26:45  Orbital Command, Liberator x2  
  115  26:46  Marine  
  123  26:48  Liberator  
  123  26:49  Marine  
  123  26:50  Marine x3  
  127  26:57  Marine  
  127  26:58  Marine x2  
  127  26:59  Marine  
  131  27:03  Liberator  
  137  27:11  SCV  
  137  27:12  Marine x5  
  146  27:21  Marine  
  146  27:22  Marauder x2, Marine x3  
  154  27:27  Liberator  
  135  27:39  Marine  
  135  27:40  Marine x5  
  135  27:42  Marauder x2, Marine  
  135  27:43  Marauder x2, Marine  
  128  27:46  Medivac  
  128  27:50  Liberator  
  133  27:57  Marine x4  
  133  27:58  Marine x2  
  128  28:00  Marine x2  
  128  28:03  Marine x2  
  128  28:04  Marine x2  
  120  28:15  Marine x5  
  120  28:16  Marine  
  120  28:18  Marine  
  120  28:19  Marine  
  128  28:22  Marauder x2, Marine x2  
  134  28:33  Marine x5  
  134  28:34  Marine  
  134  28:36  Marine  
  134  28:37  Marine  
  134  28:40  Marine x2  
  137  28:42  Marine x2  
  139  28:51  Marine x4  
  136  28:59  Marine  
  136  29:01  Marine x2  
Show
View Real Time Build Order
Export as new Build Order

TRUE Zerg 

Build Orders: Hatch First 

Get SALT Encoding   

  12  0:00  Drone  
  13  0:12  Overlord  
  13  0:16  Drone  
  14  0:30  Drone x2  
  14  0:33  Drone  
  17  0:52  Hatchery  
  17  0:54  Drone  
  17  1:07  Spawning Pool  
  17  1:10  Drone  
  17  1:14  Extractor  
  17  1:15  Drone  
  17  1:19  Drone  
  18  1:27  Drone  
  19  1:38  Overlord  
  19  1:54  Queen  
  19  1:55  Zergling x2  
  19  2:00  Zergling x2  
  23  2:03  Queen  
  23  2:04  Zergling x2  
  26  2:11  Drone  
  26  2:14  Metabolic Boost  
  27  2:16  Drone  
  27  2:21  Drone  
  29  2:26  Drone  
  29  2:29  Queen  
  30  2:32  Drone  
  30  2:36  Drone  
  34  2:42  Overlord  
  34  2:46  Drone  
  35  2:57  Drone  
  35  2:58  Pneumatized Carapace  
  36  3:02  Drone  
  36  3:03  Drone x2  
  36  3:04  Drone  
  40  3:08  Drone x2  
  40  3:11  Drone  
  40  3:12  Drone  
  44  3:18  Overlord  
  44  3:31  Hatchery  
  43  3:40  Spore Crawler  
  41  3:43  Drone x5  
  41  3:45  Drone x2  
  41  3:46  Drone  
  50  3:53  Drone x2  
  50  3:54  Overlord  
  52  4:04  Overlord  
  52  4:08  Spore Crawler  
  52  4:09  Queen, Spore Crawler  
  52  4:10  Overlord  
  52  4:15  Queen  
  54  4:17  Zergling x4  
  54  4:21  Evolution Chamber  
  54  4:22  Zergling x2  
  54  4:23  Zergling x2  
  57  4:25  Zergling x2  
  57  4:26  Zergling x2  
  57  4:30  Zergling x2  
  60  4:31  Evolution Chamber  
  60  4:32  Zergling x2  
  60  4:36  Zergling x2  
  60  4:41  Drone x4  
  60  4:43  Drone  
  65  4:46  Drone x3  
  65  4:47  Drone  
  65  4:51  Overlord  
  69  4:54  Drone x2  
  69  4:58  Zerg Melee Weapons Level 1  
  71  5:01  Zerg Ground Armor Level 1  
  71  5:03  Drone  
  71  5:04  Drone  
  71  5:05  Drone  
  75  5:14  Drone x4  
  75  5:15  Drone  
  75  5:18  Lair  
  75  5:20  Overlord  
  79  5:24  Overlord  
  79  5:28  Drone x4  
  83  5:31  Drone  
  84  5:37  Drone  
  84  5:38  Extractor, Drone  
  84  5:39  Extractor x2, Drone x3  
  86  5:44  Drone  
  86  5:48  Overlord  
  86  5:49  Drone  
  88  5:53  Overlord  
  88  6:02  Overlord  
  89  6:04  Zergling x8  
  89  6:05  Zergling x2  
  89  6:07  Overlord  
  89  6:08  Zergling x2  
  89  6:09  Overlord, Zergling x4  
  89  6:10  Zergling x2, Hatchery  
  97  6:11  Zergling x2  
  98  6:18  Zergling x4  
  98  6:19  Baneling Nest  
  98  6:20  Hydralisk Den, Zergling x2  
  98  6:23  Zergling x2  
  97  6:32  Queen  
  97  6:36  Drone x4  
  97  6:37  Extractor  
  102  6:44  Overlord  
  102  6:45  Zergling x14  
  108  6:56  Zerg Melee Weapons Level 2, Zerg Ground Armor Level 2  
  108  6:57  Queen  
  108  7:08  Muscular Augments  
  103  7:12  Drone x3  
  105  7:18  Baneling x3  
  105  7:21  Drone  
  105  7:22  Drone  
  107  7:23  Infestation Pit, Queen, Drone x7  
  107  7:26  Drone  
  107  7:27  Drone x2  
  118  7:31  Baneling x3  
  117  7:41  Baneling x4  
  117  7:42  Baneling x4, Zergling x14  
  117  7:43  Zergling x6  
  127  7:45  Zergling x4  
  127  7:47  Zergling x2  
  130  7:51  Zergling x4  
  130  7:54  Zergling x4  
  130  7:55  Zergling x2  
  130  7:57  Zergling x2  
  136  7:59  Zergling x4  
  136  8:01  Zergling x2  
  136  8:04  Overlord  
  136  8:05  Hive  
  139  8:07  Zergling x2  
  139  8:08  Zergling x4  
  141  8:13  Overlord  
  141  8:14  Zergling x2  
  141  8:16  Zergling x4  
  141  8:18  Hydralisk  
  141  8:19  Hydralisk x2  
  149  8:20  Hydralisk  
  149  8:23  Hydralisk x2  
  149  8:24  Hydralisk  
  149  8:25  Hydralisk  
  157  8:32  Hydralisk x2  
  161  8:38  Baneling x2, Zergling x8  
  161  8:39  Zergling x4  
  167  8:45  Overlord  
  167  8:47  Extractor, Zergling x2  
  167  8:48  Overlord  
  167  8:51  Zergling x6  
  167  8:52  Zergling x2  
  167  8:55  Zergling x2  
  160  8:56  Centrifical Hooks  
  160  8:58  Queen  
  160  9:00  Zergling x2  
  148  9:05  Zergling x2  
  148  9:06  Zergling x2  
  148  9:09  Zergling x6  
  123  9:11  Zergling x4  
  123  9:12  Zergling x2  
  123  9:13  Zergling x2  
  123  9:14  Zergling x4  
  123  9:15  Zergling x4  
  123  9:16  Zergling x2  
  123  9:17  Adrenal Glands  
  123  9:22  Zerg Melee Weapons Level 3  
  123  9:23  Zergling x10  
  123  9:24  Zergling x2  
  129  9:26  Zergling x2  
  129  9:29  Zergling x4  
  131  9:32  Zergling x4  
  131  9:36  Zergling x6  
  136  9:41  Zergling x2  
  136  9:42  Zergling x4  
  136  9:45  Queen, Zergling x4  
  143  9:46  Zerg Ground Armor Level 3  
  143  9:47  Zergling x4  
  143  9:49  Baneling x4  
  143  9:50  Zergling x2  
  143  9:51  Overseer, Zergling x2  
  143  9:52  Zergling x2  
  148  9:54  Zergling x4  
  148  9:55  Zergling x2  
  148  9:57  Zergling x4  
  148  9:58  Zergling x2  
  148  9:59  Zergling x2  
  155  10:04  Zergling x2  
  155  10:05  Zergling x4  
  158  10:13  Zergling x8  
  157  10:16  Baneling x11, Zergling x2  
  157  10:17  Zergling x6  
  157  10:19  Zergling x2  
  157  10:20  Queen, Zergling x4  
  157  10:21  Zergling x2  
  167  10:23  Zergling x2  
  167  10:24  Zergling x2  
  169  10:29  Zergling x2  
  169  10:31  Zergling x2  
  169  10:35  Zergling x2  
  169  10:38  Zergling x2  
  169  10:39  Zergling x8  
  169  10:40  Zergling x2  
  169  10:41  Zergling x4  
  175  10:44  Zergling x2  
  175  10:46  Viper  
  177  10:50  Zergling x2  
  177  10:51  Zergling x6  
  177  10:52  Zergling x2  
  177  10:53  Zergling x2  
  177  10:54  Zergling x4  
  172  11:00  Zergling x4  
  172  11:03  Zergling x2  
  172  11:04  Hatchery  
  147  11:05  Hydralisk x3  
  147  11:06  Hydralisk  
  147  11:07  Hydralisk x2  
  147  11:08  Hydralisk  
  159  11:11  Hydralisk  
  159  11:12  Zergling x2  
  159  11:13  Zergling x2  
  159  11:15  Zergling x2  
  164  11:18  Hydralisk  
  164  11:20  Hydralisk  
  164  11:23  Hydralisk  
  164  11:25  Hydralisk  
  172  11:31  Viper  
  172  11:32  Zergling x2  
  176  11:34  Zergling x2  
  176  11:36  Zergling x4  
  176  11:38  Zergling x4  
  176  11:39  Zergling x4  
  183  11:40  Baneling x6  
  183  11:41  Baneling x2  
  183  11:45  Overlord  
  183  11:47  Overlord  
  183  11:49  Overlord  
  183  11:57  Overlord  
  183  11:59  Zerg Missile Weapons Level 1, Overlord  
  183  12:03  Overlord  
  183  12:04  Zergling x2  
  183  12:05  Zergling x16  
  183  12:06  Zergling x6  
  195  12:10  Zergling x4  
  195  12:11  Zergling x4  
  199  12:28  Zergling x4  
  194  12:30  Zergling x14  
  194  12:33  Zergling x2  
  194  12:34  Zergling x4  
  194  12:35  Zergling x2  
  199  12:41  Zergling x2  
  195  12:50  Baneling x10  
  195  12:51  Baneling  
  193  12:55  Zergling x2  
  193  12:56  Zergling x10  
  199  12:59  Baneling x4  
  192  13:07  Baneling x3  
  192  13:08  Zergling x16  
  197  13:19  Zergling x10  
  200  13:20  Zergling x2  
  199  13:29  Zergling x4  
  199  13:30  Zergling x2  
  199  13:32  Zergling x4  
  196  13:34  Zergling x2  
  196  13:35  Zergling x4  
  196  13:37  Zergling x2  
  196  13:38  Zergling x4  
  196  13:40  Zergling x2  
  197  13:45  Zergling x4  
  197  13:46  Zergling x2  
  197  13:47  Zergling x4  
  170  13:50  Zergling x4  
  170  13:51  Zergling x2  
  170  13:52  Zergling x6  
  170  13:54  Zergling x2  
  158  14:03  Zergling x14  
  158  14:10  Baneling x5  
  158  14:11  Zerg Missile Weapons Level 2, Baneling x6, Viper  
  158  14:12  Viper  
  158  14:14  Hatchery  
  158  14:15  Hydralisk  
  165  14:18  Hydralisk x2  
  165  14:21  Hydralisk  
  165  14:23  Hydralisk  
  173  14:30  Hydralisk x3  
  179  14:32  Hydralisk  
  179  14:35  Zergling x4  
  179  14:37  Zergling x2  
  179  14:38  Zergling x2  
  185  14:42  Zergling x2  
  185  14:43  Zergling x2  
  185  14:44  Zergling x4  
  188  14:52  Zergling x16  
  190  15:02  Zergling x2  
  190  15:05  Zergling x2  
  190  15:06  Zergling x8  
  196  15:07  Zergling x2  
  196  15:08  Zergling x2  
  196  15:12  Zergling x2  
  199  15:21  Baneling x13  
  199  15:22  Baneling x3  
  199  15:34  Zergling x4  
  199  15:35  Zergling x2  
  197  15:36  Zergling x2  
  197  15:37  Zergling x6  
  197  15:39  Hydralisk  
  199  15:48  Zergling x4  
  199  15:49  Zergling x4  
  197  16:00  Zergling x4  
  197  16:01  Zergling x8  
  196  16:05  Zergling x2  
  196  16:06  Zergling x2  
  196  16:08  Zergling x8  
  196  16:09  Zergling x2  
  196  16:10  Zergling x2  
  199  16:11  Zergling x2  
  199  16:13  Zergling x2  
  199  16:16  Zergling x2  
  199  16:18  Zergling x2  
  193  16:19  Zergling x4  
  193  16:22  Zergling x2  
  157  16:26  Zergling x4  
  157  16:27  Zergling x2  
  157  16:29  Zergling x2  
  140  16:34  Zergling x2  
  140  16:39  Hydralisk x2  
  138  16:40  Hydralisk x2  
  138  16:41  Spore Crawler  
  138  16:44  Hydralisk x2  
  138  16:46  Hydralisk x2  
  149  16:50  Drone  
  149  16:51  Hydralisk  
  149  16:52  Hydralisk  
  149  16:53  Spore Crawler  
  157  16:54  Baneling  
  157  16:55  Baneling x9  
  157  16:58  Hydralisk x2  
  157  17:00  Infestor  
  163  17:04  Burrow  
  163  17:05  Zergling x4  
  163  17:06  Zergling x8  
  163  17:07  Zergling x2  
  170  17:08  Zergling x2  
  170  17:14  Zergling x2  
  169  17:16  Hydralisk  
  169  17:20  Drone x3  
  169  17:21  Viper  
  177  17:27  Viper  
  179  17:44  Viper  
  177  17:45  Zergling x24  
  177  17:46  Zergling x2  
  193  17:51  Drone  
  193  17:52  Drone  
  193  17:53  Zergling x8  
  199  18:03  Overseer  
  199  18:12  Zergling x2  
  199  18:13  Zergling x2  
  199  18:16  Zergling x4  
  196  18:23  Zergling x6  
  196  18:24  Zergling x6  
  196  18:25  Zergling x6  
  200  18:30  Zergling x2  
  200  18:32  Zergling x2  
  198  18:34  Zergling x2  
  198  18:35  Zergling x4  
  198  18:36  Zergling x2  
  198  18:39  Zergling x4  
  200  18:41  Baneling x2  
  200  18:42  Baneling  
  200  18:45  Zergling x4  
  200  18:46  Zergling x4  
  200  18:48  Zergling x2  
  199  18:49  Zergling x2  
  199  18:51  Zergling x2  
  197  18:57  Zergling x8  
  200  19:06  Baneling x14  
  198  19:10  Zergling x6  
  198  19:12  Zergling x2  
  198  19:13  Zergling x4  
  198  19:14  Zergling x6  
  198  19:15  Zergling x2  
  197  19:19  Zergling x2  
  197  19:23  Zergling x4  
  197  19:24  Zergling x2  
  196  19:28  Hydralisk  
  196  19:29  Evolution Chamber  
  192  19:31  Hydralisk  
  192  19:32  Hydralisk  
  192  19:35  Hydralisk  
  188  19:38  Hatchery  
  188  19:41  Hydralisk  
  188  19:42  Hydralisk x2  
  168  19:45  Hydralisk  
  168  19:51  Hydralisk  
  168  19:53  Hydralisk x2  
  168  19:56  Hydralisk  
  172  20:01  Hydralisk  
  172  20:04  Hydralisk x3  
  182  20:07  Zergling x6  
  182  20:10  Extractor  
  182  20:12  Zergling x2  
  181  20:15  Zergling x4  
  181  20:20  Hatchery  
  175  20:23  Zergling x4  
  175  20:26  Zergling x4  
  172  20:28  Zergling x2  
  172  20:33  Zergling x2  
  174  20:36  Zergling x2  
  174  20:37  Zergling x2  
  174  20:39  Zergling x2  
  174  20:42  Zergling x4  
  178  20:43  Zerg Missile Weapons Level 3  
  178  20:45  Zergling x2  
  178  20:46  Zergling x2  
  178  20:48  Zergling x2  
  181  20:59  Drone  
  181  21:01  Zergling x18  
  191  21:05  Zergling x2  
  191  21:08  Viper  
  191  21:10  Zergling x6  
  198  21:11  Zergling x2  
  199  21:27  Zergling x2  
  199  21:30  Zergling x6  
  199  21:32  Zergling x2  
  197  21:35  Zergling x2  
  197  21:39  Zergling x8  
  186  21:40  Zergling x10  
  186  21:46  Zergling x2  
  161  21:47  Zergling x4  
  161  21:49  Zergling x4  
  161  21:51  Zergling x2  
  141  21:54  Zergling x2  
  141  21:55  Zergling x4  
  141  21:56  Hydralisk  
  140  22:01  Hydralisk  
  140  22:04  Hydralisk  
  140  22:05  Hydralisk  
  140  22:07  Hydralisk x2  
  149  22:12  Hydralisk  
  150  22:17  Zergling x12  
  150  22:21  Zergling x2  
  156  22:23  Zergling x2  
  156  22:26  Zergling x2  
  158  22:30  Zergling x2  
  158  22:31  Zergling x4  
  158  22:32  Extractor  
  158  22:35  Zergling x2, Hatchery  
  155  22:41  Zergling x8  
  155  22:43  Baneling x6  
  157  22:45  Extractor  
  157  22:46  Zergling x2  
  157  22:47  Zergling x2  
  157  22:48  Zergling x2  
  157  22:49  Zergling x2  
  157  22:51  Zergling x2  
  161  22:56  Zergling x2  
  161  22:58  Zergling x4  
  157  23:00  Zergling x2  
  157  23:01  Zergling x2  
  157  23:03  Zergling x2  
  157  23:04  Zergling x4  
  161  23:07  Zergling x2  
  161  23:09  Zergling x2  
  161  23:10  Zergling x2  
  161  23:11  Zergling x2  
  165  23:13  Zergling x2  
  165  23:17  Hydralisk  
  168  23:21  Hydralisk x3  
  168  23:25  Hydralisk  
  175  23:27  Hydralisk  
  173  23:34  Hydralisk  
  173  23:39  Hydralisk  
  147  23:44  Hydralisk  
  141  23:51  Zergling x2  
  141  23:52  Zergling x18  
  141  23:53  Zergling x2  
  141  23:54  Zergling x2  
  152  23:55  Drone  
  152  23:56  Zergling x2  
  152  23:57  Baneling  
  152  23:58  Baneling x3  
  152  24:02  Drone  
  155  24:03  Zergling x6  
  155  24:04  Zergling x2  
  155  24:06  Zergling x2  
  160  24:11  Zergling x2  
  160  24:13  Zergling x2  
  160  24:15  Zergling x2  
  160  24:16  Zergling x2  
  164  24:19  Zergling x2  
  164  24:21  Zergling x2  
  166  24:24  Zergling x2  
  166  24:25  Zergling x4  
  166  24:31  Zergling x8  
  170  24:33  Baneling x14  
  170  24:35  Zergling x2  
  173  24:40  Zergling x4  
  173  24:41  Zergling x16  
  180  24:47  Zergling x2  
  180  24:50  Drone x3  
  180  24:52  Spore Crawler, Zergling x2  
  184  24:53  Zergling x2  
  184  24:54  Zergling x6  
  184  24:55  Baneling x7  
  184  24:58  Zergling x2  
  190  25:00  Zergling x2  
  190  25:01  Zergling x2  
  190  25:02  Zergling x2  
  188  25:07  Zergling x2  
  188  25:10  Zergling x4  
  188  25:11  Zergling x2  
  188  25:13  Zergling x2  
  189  25:16  Zergling x2  
  185  25:22  Zergling x2  
  185  25:27  Zergling x2  
  185  25:28  Zergling x6  
  180  25:31  Zergling x2  
  180  25:32  Zergling x2  
  180  25:33  Zergling x2  
  179  25:36  Zergling x2  
  179  25:37  Zergling x2  
  179  25:42  Viper  
  184  25:44  Zergling x2  
  184  25:45  Zergling x2  
  184  25:46  Zergling x2  
  184  25:48  Zergling x2  
  186  25:51  Baneling x10  
  186  25:52  Zergling x2  
  186  25:53  Zergling x2  
  186  25:54  Zergling x2  
  186  25:55  Zergling x4  
  191  26:00  Zergling x2  
  191  26:04  Zergling x8  
  193  26:06  Zergling x2  
  193  26:10  Zergling x2  
  186  26:13  Zergling x2  
  186  26:15  Zergling x2  
  186  26:16  Zergling x2  
  186  26:17  Zergling x8  
  146  26:19  Zergling x4  
  146  26:24  Zergling x2  
  99  26:30  Zergling x12  
  84  26:36  Baneling x10  
  84  26:37  Zergling x2  
  84  26:38  Zergling x4  
  84  26:39  Zergling x2  
  82  26:40  Zergling x2  
  82  26:41  Hydralisk  
  82  26:45  Hydralisk  
  82  26:46  Hydralisk  
  82  26:47  Hydralisk  
  88  26:50  Hydralisk  
  88  26:52  Zergling x4  
  94  26:56  Hydralisk  
  96  27:02  Hydralisk  
  96  27:04  Zergling x8  
  96  27:07  Zergling x2  
  102  27:09  Zergling x4  
  102  27:11  Zergling x2  
  102  27:13  Hydralisk  
  108  27:15  Zergling x4  
  108  27:16  Zergling x8  
  108  27:18  Hydralisk  
  108  27:21  Hydralisk  
  117  27:25  Zergling x2  
  117  27:26  Zergling x2  
  117  27:29  Hydralisk  
  118  27:33  Hydralisk  
  118  27:36  Zergling x4  
  118  27:37  Zergling x2  
  104  27:40  Zergling x4  
  104  27:42  Zergling x2  
  104  27:44  Zergling x4  
  93  27:48  Zergling x4  
  93  27:49  Zergling x2  
  94  27:52  Zergling x2  
  94  27:53  Zergling x2  
  94  27:54  Zergling x2  
  94  27:55  Zergling x2  
  94  27:57  Zergling x2  
  92  27:58  Zergling x2  
  92  28:00  Zergling x2  
  92  28:02  Baneling x2, Zergling x2  
  90  28:06  Zergling x4  
  90  28:08  Zergling x2  
  90  28:09  Zergling x2  
  90  28:11  Zergling x4  
  96  28:14  Zergling x2  
  96  28:15  Zergling x2  
  96  28:17  Zergling x2  
  96  28:18  Zergling x2  
  96  28:19  Baneling  
  100  28:20  Baneling  
  100  28:21  Baneling x2  
  100  28:24  Zergling x2  
  100  28:25  Zergling x2  
  102  28:27  Zergling x2  
  102  28:28  Zergling x2  
  101  28:34  Zergling x4  
  101  28:36  Zergling x4  
  101  28:38  Zergling x2  
  106  28:41  Zergling x2  
  106  28:44  Baneling  
  106  28:45  Baneling x2  
  106  28:54  Zergling x2  
  87  28:55  Zergling x2  
  87  29:00  Zergling x4  
  87  29:02  Zergling x2  
Tags
 
Add a new tag
Caveats
  • Supply blocks, unpowered buildings, or Contaminate may cause inaccurate times.
  • Supply counts are checked every 10 seconds.